 Dungeon Crawl Stone Soup version 0.17-a0-2231-gd80ca38 (webtiles) character file.

12998 Gingerlord the Martial Artist (level 12, -12/65 HPs)
             Began as a Vine Stalker Monk on Nov 2, 2015.
             Was an Elder of Nemelex Xobeh.
             Mangled by a polar bear (16 damage)
             ... in an ice cave on Nov 3, 2015.
             The game lasted 00:48:06 (11621 turns).

Gingerlord the Martial Artist (Vine Stalker Monk)  Turns: 11621, Time: 00:48:10

Health: -12/65     AC: 12    Str: 16    XL:     12   Next: 1%
Magic:  0/18       EV: 17    Int: 13    God:    Nemelex Xobeh [****..]
Gold:   555        SH:  0    Dex: 20    Spells: 2 memorised, 7 levels left

rFire  + . .     SeeInvis .       - Unarmed
rCold  . . .     Clarity  .     B - +5 ring mail "Ycoosub" {Str+3}
rNeg   . . .     SustAt   .     (no shield)
rPois  .         Gourm    .     (no helmet)
rElec  .         Spirit   +     (no cloak)
rCorr  .         Warding  .     f - +0 pair of gloves
rMut   .         Stasis   .     (no boots)
MR     ++...                    (no amulet)
Stlth  ++........               U - ring of protection from fire
                                W - ring of protection from magic

@: very resistant to hostile enchantments, unstealthy
A: fangs 3, regeneration 3, magic shield, antimagic bite, no device heal 3, rot
immunity
a: Triple Draw, Deal Four, Renounce Religion


You were in an ice cave.
You worshipped Nemelex Xobeh.
Nemelex Xobeh was greatly pleased with you.
You were not hungry.

You visited 3 branches of the dungeon, and saw 13 of its levels.
You also visited: Sewer and Ice Cave.

You collected 693 gold pieces.

Inventory:

Armour
 f - a +0 pair of gloves (worn)
 B - the +5 ring mail "Ycoosub" (worn) {Str+3}
   (You found it on level 4 of the Dungeon)

   It affects your strength (+3).
Jewellery
 h - an uncursed amulet of regeneration
 H - a +3 ring of intelligence
 Q - a cursed ring of teleportation {unknown}
 U - a ring of protection from fire (right hand)
 W - a ring of protection from magic (left hand)
Wands
 y - a wand of teleportation (9)
 A - a wand of cold (11)
 L - a wand of fire (11)
 Y - a wand of teleportation (6)
Scrolls
 e - a scroll of fear
 j - 2 scrolls of identify
 m - 5 scrolls of teleportation
 o - 2 scrolls of fog
 p - 2 scrolls of magic mapping
 s - 8 scrolls of remove curse
 w - 3 scrolls of recharging
 x - a scroll of enchant weapon
 E - a scroll of enchant armour
 G - 2 scrolls of amnesia
 Z - a scroll of blinking
Potions
 a - a potion of resistance
 d - 5 potions of magic
 k - 3 potions of brilliance
 l - a potion of agility
 q - a potion of ambrosia {unknown}
 r - 3 potions of might
 t - 4 potions of flight
 u - 2 potions of invisibility
 z - a potion of berserk rage
 C - 2 potions of haste
 F - 3 potions of curing
 O - a potion of degeneration {unknown}
Books
 P - a book of Transfigurations

   Spells                             Type                      Level
   a - Stoneskin                      Transmutation/Earth          2
   b - Irradiate                      Conjuration/Transmutation    5
   c - Statue Form                    Transmutation/Earth          6
   d - Hydra Form                     Transmutation                6
   e - Dragon Form                    Transmutation                7
Miscellaneous
 i - an ornate deck of war
 v - a plain deck of war
 I - a plain deck of wonders {drawn: 2}
 J - a plain deck of escape
 K - a plain deck of war {drawn: 3}
 M - an ornate deck of escape {drawn: 2}
 N - an ornate deck of escape
 R - a plain deck of changes {drawn: 1}
 S - a plain deck of war
 T - an ornate deck of destruction {drawn: 4}
 V - an ornate deck of escape
 X - a plain deck of escape
Comestibles
 b - 11 bread rations
 c - 8 beef jerkies
 g - 8 meat rations
 n - 7 slices of pizza
 D - 6 fruits


   Skills:
 * Level 8.3 Fighting
 - Level 5.1 Armour
 * Level 7.7 Dodging
 - Level 2.4 Stealth
 * Level 11.2 Unarmed Combat
 + Level 0.4 Spellcasting
 + Level 1.2 Transmutations
 * Level 6.8 Evocations


You had 7 spell levels left.
You knew the following spells:

 Your Spells              Type           Power        Failure   Level  Hunger
a - Shroud of Golubria    Chrm/Tloc      #.........   82%         2    ###....
b - Stoneskin             Trmt/Erth      #.......     71%         2    ###....


Dungeon Overview and Level Annotations

Branches:
Dungeon (11/15)            Temple (1/1) D:4            Lair (1/8) D:11
    Orc (0/4) D:10

Altars:
Ashenzari
Cheibriados
Dithmenos
Elyvilon
Fedhas
Gozag
Kikubaaqudgha
Makhleb
Nemelex Xobeh
Okawaru
Qazlal
Ru
Sif Muna
Trog
Vehumet
Xom
Yredelemnul
Zin
The Shining One

Shops:
D:5 ?   D:7 ?

Annotations:
D:4 Edmund
D:8 Erica


Innate Abilities, Weirdness & Mutations

You have razor-sharp teeth.
You regenerate.
When hurt, damage is shared between your health and your magic reserves.
Your bite disrupts and absorbs the magic of your enemies.
Potions and wands cannot restore your health.
You are immune to rotting.


Message History

* * * LOW HITPOINT WARNING * * *
The polar bear claws you but does no damage.
The polar bear closely misses you.
Lightning arcs down from a storm cloud!
Evoke which item? (* to show all) (? for menu, Esc to quit)
Okay, then.
Okay, then.
You don't have enough magic at the moment.
You fail to use your ability.
The polar bear misses you. The polar bear closely misses you.
The polar bear misses you.
The yak is struck by lightning.
You kill the yak!
You have reached level 12!
Your experience leads to an increase in your attributes!
Your base attributes are Str 13, Int 13, Dex 18.
Increase (S)trength, (I)ntelligence, or (D)exterity?
You feel agile. x2
You begin to regenerate.
The polar bear bites you!!
You die...
Your body glows with a rainbow of weird colours and disappears.

## ## #§ ### E#§ #
#######..# ###
#.#§###.#....∩.# #...
##@.###..†..∩..#
.....#h###....†...###
#.Y§#Y#..###.####
###§.Y..## ###
##...## ##.## ###


You could see a polar bear (berserk), a yak and a friendly air elemental.

Vanquished Creatures
  A black mamba (D:10)
  2 spiny frogs (Lair:1)
  A fire drake (D:11)
  5 trolls
  2 two-headed ogres (D:10)
  Sigmund (D:4)
  A hog (D:11)
  10 yaks
  A human (D:11)
  Eustachio (D:6)
  A hill giant zombie (D:10)
  3 hungry ghosts
  A wyvern (D:11)
  5 hippogriffs
  An eye of draining (D:8)
  4 ogres
  2 black bears (D:7)
  A porcupine (Lair:1)
  A wasp (D:9)
  2 phantoms
  7 ice beasts
  3 centaurs
  Blork the orc (D:5)
  2 big kobolds
  2 gnoll sergeants
  6 giant frogs
  A wyvern skeleton (D:11)
  2 scorpions
  3 troll zombies (D:10)
  9 wights
  A water moccasin skeleton (D:5)
  23 killer bees
  5 orc priests
  7 crimson imps
  2 jellies (D:9)
  A giant frog zombie (D:5)
  5 hounds
  2 quasits
  Ijyb (D:2)
  3 centaur skeletons
  A giant frog skeleton (D:7)
  4 gnoll shamans (D:5)
  8 orc wizards
  6 iguanas
  4 worker ants
  2 sheep (D:11)
  4 ogre zombies (D:10)
  2 hound zombies
  A hound skeleton (D:5)
  2 worker ant zombies
  18 adders
  2 shadow imps
  51 gnolls
  7 oozes
  An adder zombie (D:6)
  6 worms
  11 giant geckos
  29 orcs
  5 hobgoblins
  39 jackals
  3 ball pythons
  14 bats
  10 giant cockroaches
  2 giant gecko skeletons
  A giant gecko zombie (D:4)
  2 giant newts
  8 goblins
  3 goblin skeletons (D:10)
  A goblin zombie (D:10)
  3 hobgoblin skeletons (D:10)
  2 hobgoblin zombies (D:10)
  2 jackal skeletons
  19 kobolds
  2 orc skeletons (D:10)
  14 orc zombies (D:10)
  3 quokkas
  7 rats
431 creatures vanquished.

Vanquished Creatures (collateral kills)
  A deep elf mage (D:8)
  A yak (D:9)
2 creatures vanquished.

Vanquished Creatures (others)
  An orc (D:11)
1 creature vanquished.

Grand Total: 434 creatures vanquished

Notes
Turn   | Place    | Note
--------------------------------------------------------------
     0 | D:1      | Gingerlord the Vine Stalker Monk began the quest for the Orb.
     0 | D:1      | Reached XP level 1. HP: 11/11 MP: 2/2
   210 | D:1      | Reached XP level 2. HP: 16/16 MP: 3/3
   407 | D:1      | Reached XP level 3. HP: 14/19 MP: 2/4
   855 | D:2      | Noticed Ijyb
   868 | D:2      | Killed Ijyb
   868 | D:2      | Reached skill level 1 in Armour
   868 | D:2      | Reached XP level 4. HP: 20/24 MP: 5/5
  1101 | D:2      | Found a burning altar of Makhleb.
  1101 | D:2      | Found an opulent altar of Gozag.
  1101 | D:2      | Found a stormy altar of Qazlal.
  1501 | D:3      | Reached XP level 5. HP: 28/28 MP: 6/6
  1533 | D:3      | Found a glowing drain.
  1553 | Sewer    | Entered a sewer
  1787 | Sewer    | Reached skill level 5 in Unarmed Combat
  2276 | D:3      | Found a glowing golden altar of the Shining One.
  2398 | D:3      | Gained mutation: You heal very quickly. [Vine Stalker growth]
  2398 | D:3      | Reached XP level 6. HP: 30/32 MP: 7/7
  2577 | D:3      | Found a shattered altar of Ashenzari.
  2983 | D:4      | Noticed Sigmund
  3049 | D:4      | Found a shimmering altar of Xom.
  3070 | D:4      | Killed Sigmund
  3070 | D:4      | Reached XP level 7. HP: 19/37 MP: 4/8
  3119 | D:4      | Found a staircase to the Ecumenical Temple.
  3124 | Temple   | Entered the Ecumenical Temple
  3520 | D:4      | Got a scorched ring mail
  3531 | D:4      | Identified the +5 ring mail "Ycoosub" {Str+3} (You found it on level 4 of the Dungeon)
  3640 | D:4      | Noticed Edmund
  4004 | D:5      | Entered Level 5 of the Dungeon
  4072 | D:5      | Reached skill level 1 in Evocations
  4144 | D:5      | Found a shattered altar of Ashenzari.
  4256 | D:5      | Found Qaril's Magic Scroll Boutique.
  4431 | D:5      | Noticed Blork the orc
  4446 | D:5      | Reached skill level 6 in Unarmed Combat
  4450 | D:5      | Killed Blork the orc
  4450 | D:5      | Gained mutation: You have razor-sharp teeth. [Vine Stalker growth]
  4450 | D:5      | Reached XP level 8. HP: 22/42 MP: 8/10
  4648 | D:5      | Reached skill level 5 in Fighting
  5395 | D:5      | Reached skill level 5 in Dodging
  5395 | D:5      | Reached XP level 9. HP: 42/47 MP: 12/12
  5651 | D:6      | Reached skill level 7 in Unarmed Combat
  5798 | D:6      | Noticed Eustachio
  5824 | D:6      | Killed Eustachio
  6016 | D:6      | Found a radiant altar of Vehumet.
  6255 | D:7      | Found a blossoming altar of Fedhas.
  6563 | D:7      | Reached skill level 5 in Armour
  6865 | D:7      | Reached XP level 10. HP: 49/53 MP: 12/14
  6915 | D:7      | Got a spiked ring mail
  6916 | D:7      | Identified the +5 ring mail "Guoloh" {rC- Dex+4 SInv Stlth+} (You found it on level 7 of the Dungeon)
  7046 | D:7      | Found Maumue's Magic Scroll Emporium.
  7152 | D:7      | Reached skill level 8 in Unarmed Combat
  7308 | D:8      | Found a sparkling altar of Nemelex Xobeh.
  7359 | D:8      | Became a worshipper of Nemelex Xobeh the Trickster
  7359 | D:8      | Received a gift from Nemelex Xobeh
  7359 | D:8      | Reached * piety under Nemelex Xobeh
  7359 | D:8      | Received a gift from Nemelex Xobeh
  7359 | D:8      | Reached ** piety under Nemelex Xobeh
  7386 | D:8      | Noticed Erica
  7413 | D:8      | Received a gift from Nemelex Xobeh
  7571 | D:8      | Reached skill level 5 in Evocations
  7913 | D:8      | Reached skill level 9 in Unarmed Combat
  8231 | D:8      | Noticed Erica
  8231 | D:8      | Erica changed into Erica the glowing shapeshifter
  8232 | D:8      | Noticed Erica
  8232 | D:8      | Erica the glowing shapeshifter changed into Erica the lindwurm
  8447 | D:9      | Received a gift from Nemelex Xobeh
  8519 | D:9      | Found a bloodstained altar of Trog.
  8780 | D:9      | Received a gift from Nemelex Xobeh
  8824 | D:9      | Reached XP level 11. HP: 58/58 MP: 16/16
  8851 | D:9      | Reached skill level 10 in Unarmed Combat
  8926 | D:9      | Found a sacrificial altar of Ru.
  9133 | D:10     | Entered Level 10 of the Dungeon
  9133 | D:10     | Reached *** piety under Nemelex Xobeh
  9151 | D:10     | Found a staircase to the Orcish Mines.
  9230 | D:10     | Received a gift from Nemelex Xobeh
  9588 | D:10     | Received a gift from Nemelex Xobeh
  9601 | D:10     | Learned a level 2 spell: Shroud of Golubria
 10107 | D:10     | Received a gift from Nemelex Xobeh
 10388 | D:10     | Reached **** piety under Nemelex Xobeh
 10478 | D:11     | Found a staircase to the Lair.
 10481 | D:11     | Noticed a hill giant
 10857 | D:11     | Received a gift from Nemelex Xobeh
 11089 | D:11     | Received a gift from Nemelex Xobeh
 11160 | D:11     | Reached skill level 11 in Unarmed Combat
 11242 | D:11     | Learned a level 2 spell: Stoneskin
 11432 | Lair:1   | Entered Level 1 of the Lair of Beasts
 11534 | Lair:1   | Found a frozen archway.
 11547 | Lair:1   | Reached skill level 1 in Transmutations
 11582 | IceCv    | Entered an ice cave
 11621 | IceCv    | Gained mutation: You regenerate. [Vine Stalker growth]
 11621 | IceCv    | Reached XP level 12. HP: 4/65 MP: 2/18
 11621 | IceCv    | Mangled by a polar bear

Vault maps used:
D:1:      nagdon_arrival_double_spiral, corexii_leaking_fountain,
          minmay_misc_feat_tower
D:2:      gammafunk_temple_overflow_forgotten, first_bread, serial_bayou_pond_d,
          serial_bayou_lagoon_b, uniq_iyjb
D:3:      tso_metal_star, ashenzari_altar_1, portal_sewer_entry_d
D:4:      nicolae_overflow_crystal_walls, temple_doors_e, st_stairs_9,
          minmay_close_crescents, uniq_edmund, uniq_sigmund
D:5:      lemuel_castle_with_subvaults, serial_shops, shop, basic_altar,
          uniq_blork_the_orc
D:6:      fiery_altar_vehumet, uniq_eustachio
D:7:      fedhas_bush_and_centaur_altar, serial_shops, shop
D:8:      nemelex_deck, uniq_erica
D:9:      nicolae_overflow_hidden_temple, nicolae_ru_awakened_eye
D:10:     zombieorc2_lemuel
D:11:     minmay_lair_entry_lava, grunt_livestock, minmay_misc_feat_columns
Temple:   minmay_temple_bridge_c_8
Lair:1:   portal_ice_cave_entry_pillars_02, eino_small_chamber_without_monster
Sewer:    sewer_fruit_machine
IceCv:    ice_cave_caverns_02

Action                   |  1- 3 |  4- 6 |  7- 9 | 10-12 || total
-------------------------+-------+-------+-------+-------++-------
Melee: Unarmed           |    90 |   220 |   595 |   756 ||  1661
Evoke: Deck              |       |       |       |    12 ||    12
  Use: Scroll            |     4 |     1 |    16 |    12 ||    33
       Potion            |       |     7 |     1 |       ||     8
 Stab: Sleeping          |     6 |     9 |     4 |     3 ||    22
       Distracted        |     2 |       |     2 |     1 ||     5
  Eat: Chunk             |       |     7 |    11 |     7 ||    25
       Beef jerky        |       |       |     1 |       ||     1
       Bread ration      |       |       |       |     1 ||     1
       Fruit             |       |       |       |     5 ||     5
       Pizza             |       |       |       |     3 ||     3
       Meat ration       |       |       |       |     1 ||     1
